Construct Infanterie Kompanie
Selects Luftwaffe Battlegroup
Selects Luftwaffe Pioneer Support
Construct Panzergrenadier Kompanie
Selects LG40 Recoilless Gun Paradrop
LG40 Recoilless Gun Paradrop
Nebelwerfer 42 Rocket Launcher Team
Nebelwerfer 42 Rocket Launcher Team
Selects Infantry Reserves
Nebelwerfer 42 Rocket Launcher Team
Selects Reconnaissance Run
Nebelwerfer 42 Rocket Launcher Team
Construct Panzer Kompanie
Selects Fallschirmjäger Squad Paradrop
Selects Fragmentation Bombs